cohdb
Replays
Latest Replays
All Replays
Popular Replays
Top Player Replays
Match Explorer
How It Works
Community
CoH3 Stats
Reddit
Sign in to upload your games and track your stats! →
Sign in with Steam
Match 41492765
Unlisted
Match 41492765
Overview
Messages
Build Orders
End
Selects Italian Combined Arms Battlegroup
Selects Bersaglieri Squad
Bersaglieri Squad
Panzerpioneer Squad
Bersaglieri Squad
Construct Light Support Kompanie
Bersaglieri Squad
2.5-tonne Medical Truck
Fire Support Elements
Selects Bersaglieri Bolster
Mochi_flamer
wila
【嗜血狼族】灵狐魅儿
LittleFatty233
33cavalierspartan
2087556
_BoRaD_
Master Splinter
0
0
Comments
sign in to comment!
No comments posted yet!